 Dungeon Crawl Stone Soup version 0.30-a0-222-ge547ba4400 (webtiles) character file.

Game seed: 10210041289648540533

1836 glaedl the Frost Mage (level 8, -11/57 HPs)
             Began as a Pale Draconian Ice Elementalist on Oct 9, 2022.
             Mangled by a red ugly thing (22 damage)
             ... on level 6 of the Dungeon.
             The game lasted 00:32:22 (7718 turns).

glaedl the Frost Mage (DrIE)                        Turns: 7718, Time: 00:32:23

Health: -11/57     AC:  8    Str: 10    XL:     8   Next: 87%
Magic:  2/16       EV: 12    Int: 19    God:
Gold:   330        SH:  0    Dex: 11    Spells: 10/18 levels left

rFire   . . .      SeeInvis .    l - +3 quarterstaff (chaos)
rCold   . . .      Faith    .    (shield currently unavailable)
rNeg    . . .      Spirit   .    (body armour unavailable)
rPois   .          Reflect  .    (helmet restricted)
rElec   .          Harm     .    n - +1 cloak {rCorr}
rCorr   +          Rampage  .    (no gloves)
Will    .....                    (no boots)
Stlth   ++........               (no amulet)
HPRegen 0.29/turn                (no ring)
MPRegen 0.15/turn                (no ring)

@: short of breath, hasted, very quick
A: breathe steam, AC +6, unfitting armour, cold-blooded, steam resistance
a: Breathe Steam


You were on level 6 of the Dungeon.
You visited 1 branch of the dungeon, and saw 6 of its levels.
You also visited: Sewer and Ossuary.

You collected 330 gold pieces.

Inventory:

Hand Weapons
 c - a +4 short sword of freezing
 l - a +3 quarterstaff of chaos (weapon)
Missiles
 u - 2 silver javelins
Armour
 n - a +1 cloak of preservation (worn)
Jewellery
 D - a +6 ring of dexterity
Wands
 m - a wand of paralysis (28)
Scrolls
 a - 2 scrolls of immolation {unknown}
 b - 6 scrolls of teleportation
 d - a scroll of torment
 h - a scroll of summoning
 i - 3 scrolls of magic mapping
 o - a scroll of enchant armour {unknown}
 p - a scroll of acquirement {unknown}
 s - a scroll of blinking {unknown}
 t - a scroll of silence {unknown}
 w - a scroll of amnesia {unknown}
 x - 2 scrolls of identify
 y - a scroll of fear {unknown}
 B - a scroll of butterflies
Potions
 e - 2 potions of attraction {unknown}
 f - 4 potions of mutation
 g - 3 potions of invisibility
 j - 4 potions of haste
 k - 3 potions of might
 q - 2 potions of curing
 r - 2 potions of flight
 v - a potion of degeneration {unknown}
 z - a potion of ambrosia {unknown}
 C - a potion of berserk rage


   Skills:
 - Level 1.7 Dodging
 - Level 1.7 Stealth
 + Level 5.5 Spellcasting
 + Level 5.5 Summonings
 * Level 9.1 Ice Magic


You had 10 spell levels left.
You knew the following spells:

 Your Spells              Type           Power      Damage    Failure   Level
a - Freeze                Ice            100%       1d11      1%          1
b - Summon Ice Beast      Ice/Summ       33%        N/A       5%          4
c - Frozen Ramparts       Ice            80%        1d13      1%          3

Your spell library contained the following spells:

 Spells                   Type           Power      Damage    Failure   Level
 Ozocubu's Armour         Ice            40%        N/A       1%          3
 Sandblast                Erth           10%        2d5       12%         1
 Passwall                 Tmut/Erth      4%         N/A       19%         2
 Dazzling Flash           Conj/Hex       10%        N/A       34%         3
 Stone Arrow              Conj/Erth      10%        3d7       34%         3
 Iskenderun's Mystic Bla  Conj/Tloc      5%         2d3       75%         4
 Starburst                Conj/Fire      2%         6d3       100%        6


Dungeon Overview and Level Annotations

Branches:
Dungeon (6/15)             Temple (0/1) D:6           Sewer (visited)
Ossuary (visited)

Altars:
Makhleb
Xom
Zin

Shops:
D:1 =   D:5 (


Innate Abilities, Weirdness & Mutations

You can breathe blasts of scalding, opaque steam.
Your pale cyan-grey scales are hard. (AC +6)
You cannot fit into any form of body armour.
You are cold-blooded and may be slowed by cold attacks.
You are immune to the effects of steam.


Message History

Your ice beast hits the red ugly thing.
Your ice beast freezes the red ugly thing!
The red ugly thing claws your ice beast.
Your ice beast dies!
Your ice beast disappears in a puff of smoke!
Aiming: Breathe Steam (1% risk of failure)
Press: ? - help, Q - select action, (/) - cycle Shift-Dir - straight line, f/p - red ugly thing
Aim: a red ugly thing (almost dead, unaware, hasn't noticed you, 71% to hit)
You exhale a blast of scalding steam.
You hear a horrible gurgling sound!
Unknown command.
The ice beast is engulfed in a cloud of scalding steam.
Casting: Summon Ice Beast (dangerous; 5% risk of failure)
Press: ? - help, Q - select action, (/) - cycle Dir - look around, f - activate A chill wind blows around you.
A scorpion comes into view.
Aiming: Paralyse
Press: ? - help, Q - select action, (/) - cycle Shift-Dir - straight line, f - scorpion
Aim: a scorpion (wandering, hasn't noticed you, chance to affect: 49%)
The scorpion suddenly stops moving!
You have got your breath back.
Aiming: Breathe Steam (1% risk of failure)
Press: ? - help, Q - select action, (/) - cycle Shift-Dir - straight line, f - red ugly thing, p - scorpion
Aim: a red ugly thing (almost dead, 71% to hit)
You exhale a blast of scalding steam.
Found a staircase to the Ecumenical Temple.
The ice beast is engulfed in a cloud of scalding steam.
You don't have enough magic to cast this spell.
Casting: Frozen Ramparts (safe; 1% risk of failure)
Press: ? - help, Q - select action, (/) - cycle Dir - look around, f - activate
Okay, then.
Aiming: Freeze (safe; 1% risk of failure)
Press: ? - help, Q - select action, (/) - cycle Shift-Dir - straight line, f/p - red ugly thing
Aim: a red ugly thing (almost dead)
You freeze the red ugly thing!
The red ugly thing is almost dead.
The red ugly thing claws you!
* * * LOW HITPOINT WARNING * * *
You are engulfed in flames!!
You die...

...≈...#.....#......
....h5##§....+......
YKK...#§§§...#......
.....##......+......
...####...Y..####'##
.#########.......##....#
........##.......##.....
........##..............
...sY..@##..........#...
.......u#####...........
........Y..Y.§....####..
.#.............§..# ##.
..................# #.
#.#...............# #.
..................# #.
.8.#..............#. #.
.....#............#...#.


You could see a red ugly thing, an ice beast, a scorpion (paralysed, ally
target) and a friendly ice beast (summoned).

Vanquished Creatures
  Pikel (D:5)
  A black bear (D:5)
  2 ogres (D:4)
  3 lemures (D:5)
  A centaur (D:6)
  2 kobold brigands (Sewer)
  A gnoll sergeant (D:5)
  2 scorpions
  2 hounds
  Crazy Yiuf (D:3)
  An orc priest (D:3)
  A human zombie (Ossuary)
  2 iguanas (D:5)
  An orc wizard (D:3)
  3 mummies (Ossuary)
  7 gnolls
  8 river rats
  14 adders
  2 white imps
  4 adder zombies (Ossuary)
  2 worms (D:3)
  3 dart slugs
  16 orcs
  17 ball pythons
  3 bats
  4 endoplasms
  4 giant cockroaches
  2 hobgoblins (D:2)
  6 jackals
  5 quokkas
  4 frilled lizards
  A gnoll zombie (Ossuary)
  12 goblins
  3 goblin zombies (Ossuary)
  2 hobgoblin zombies (Ossuary)
  20 kobolds
  3 kobold zombies (Ossuary)
  2 quokka zombies (Ossuary)
  23 rats
  2 rat zombies (Ossuary)
193 creatures vanquished.

Vanquished Creatures (others)
  29 plants (D:2)
29 creatures vanquished.

Grand Total: 222 creatures vanquished

Notes
Turn   | Place    | Note
-------+----------+-------------------------------------------
     0 | D:1      | glaedl the Draconian Ice Elementalist began the quest for
                  | the Orb.
     0 | D:1      | Reached XP level 1. HP: 14/14 MP: 3/3
   179 | D:1      | Found Nokkoonwoaw's Jewellery Shoppe.
   324 | D:1      | Reached XP level 2. HP: 20/20 MP: 0/5
   669 | D:2      | Reached skill level 1 in Summonings
   710 | D:2      | Reached XP level 3. HP: 26/26 MP: 1/6
   808 | D:2      | Found a faded altar of an unknown god.
  1179 | D:2      | Reached XP level 4. HP: 26/29 MP: 4/7
  1220 | D:2      | Identified the +8 quarterstaff of the Pillar {flame,
                  | Fragile rF+ rN+}
  1329 | D:2      | Reached skill level 5 in Ice Magic
  2103 | D:3      | Found a glowing drain.
  2157 | Sewer    | Entered a sewer
  2235 | Sewer    | Reached XP level 5. HP: 38/38 MP: 6/9
  2862 | Sewer    | Reached XP level 6. HP: 34/45 MP: 1/11
  2990 | Sewer    | Reached skill level 6 in Ice Magic
  3782 | D:3      | Found a glowing silver altar of Zin.
  4263 | D:3      | Found a runed translucent door.
  4264 | D:3      | Noticed Crazy Yiuf
  4276 | D:3      | Killed Crazy Yiuf
  4460 | D:4      | Learned a level 4 spell: Summon Ice Beast
  4464 | D:4      | Learned a level 3 spell: Frozen Ramparts
  4472 | D:4      | Your scales start taking on a pale cyan-grey colour.
  4472 | D:4      | Reached XP level 7. HP: 36/50 MP: 2/13
  4472 | D:4      | Gained mutation: You are immune to the effects of steam.
                  | [Pale Draconian growth]
  4587 | D:4      | Found a sand-covered staircase.
  4596 | Ossuary  | Entered an ossuary
  5573 | Ossuary  | Reached skill level 7 in Ice Magic
  5765 | D:4      | Found a burning altar of Makhleb.
  5926 | D:4      | Found a shimmering altar of Xom.
  6264 | D:5      | Entered Level 5 of the Dungeon
  6350 | D:5      | Found Nerarch's Weapon Shoppe.
  6376 | D:5      | Noticed Pikel
  6378 | D:5      | Reached XP level 8. HP: 57/57 MP: 8/15
  6392 | D:5      | Killed Pikel
  6393 | D:5      | Reached skill level 5 in Spellcasting
  6393 | D:5      | Reached skill level 5 in Summonings
  6393 | D:5      | Reached skill level 8 in Ice Magic
  7377 | D:6      | Reached skill level 9 in Ice Magic
  7663 | D:6      | Noticed a red ugly thing
  7713 | D:6      | Found a staircase to the Ecumenical Temple.
  7718 | D:6      | Mangled by a red ugly thing

Illustrated notes

Levels and vault maps discovered:
D:1:      wander_arrival_abandoned_jail, layout_rooms, serial_shops, shop
D:2:      layout_basic, serial_bayou, serial_bayou_shore_b,
          serial_bayou_lagoon_a, serial_bayou_pond_c, serial_bayou_shore_b,
          serial_bayou_shore_b, serial_bayou_lagoon_b,
          hellmonk_ecumenical_altar_lost_god, dreamdust_princess_bridge,
          minmay_crystal_water
D:3:      layout_loops_ring, mainiacjoe_overflow_six_doors_small,
          cheibrodos_sewer_entry_sluice, minivault_23,
          minmay_fractal_squares_gapless_5, uniq_crazy_yiuf_cottage
D:4:      layout_rooms, makhleb_blood_cavern_becter,
          mainiacjoe_overflow_cross_hatched, enter_ossuary_1,
          kennysheep_nondescript
D:5:      layout_basic, serial_shops, shop, uniq_pikel
D:6:      layout_basic, minmay_temple_entry_sparse_star, grunt_potential

Skill      XL: |  1  2  3  4  5  6  7  8 |
---------------+-------------------------+-----
Summonings     | 1 2 3 4 5 |  5.5
Ice Magic      | 5 6 7 9 |  9.1
Spellcasting   | 3 4 5 |  5.5
Dodging        | |  1.7
Stealth        | |  1.7

Action                   |  1- 3 |  4- 6 |  7- 9 || total
-------------------------+-------+-------+-------++-------
Melee: Club              |     7 |       |       ||     7
       Short sword       |       |    28 |       ||    28
       Tailslap          |       |     3 |     1 ||     4
       Quarterstaff      |       |     1 |    22 ||    23
Throw: Javelin           |       |       |     2 ||     2
 Cast: Freeze            |    49 |   156 |   144 ||   349
       Frozen Ramparts   |       |     1 |    14 ||    15
       Summon Ice Beast  |       |     1 |     3 ||     4
 Abil: Breathe Steam     |       |       |    15 ||    15
Evoke: Wand              |       |     3 |     1 ||     4
  Use: Scroll            |     4 |     7 |     3 ||    14
       Potion            |     1 |     3 |     3 ||     7
Armor: Skin              |    11 |    46 |    58 ||   115
Dodge: Dodged            |    43 |   110 |    78 ||   231

Table legend: (Time is in decaauts)
 A = Elapsed time spent in this place.
 B = Non-inter-level travel time spent in this place.
 C = Inter-level travel time spent in this place.
 D = Time resting spent in this place.
 E = Time spent auto-exploring this place.
 F = Levels seen in this place.
 G = Mean time per level.
                   A        B        C        D        E       F      G
               +--------+--------+--------+--------+--------+-----+--------+
         Total |   7760 |   7577 |    183 |   1166 |   5107 |   8 |  970.0 |
       Dungeon |   5386 |   5203 |    183 |    271 |   4145 |   6 |  897.7 |
         Sewer |   1248 |   1248 |      0 |    116 |    931 |   1 | 1248.0 |
       Ossuary |   1125 |   1125 |      0 |    779 |     31 |   1 | 1125.0 |
               +--------+--------+--------+--------+--------+-----+--------+

Top non-repeatable levels by time:
     D:2: 1515 daAuts
   Sewer: 1248 daAuts
 Ossuary: 1125 daAuts
     D:3: 1123 daAuts
     D:5: 1107 daAuts
     D:4: 697 daAuts
     D:1: 600 daAuts
     D:6: 341 daAuts
